 Dungeon Crawl Stone Soup version 0.26-a0-935-g3624241d3c (webtiles) character file.

Game seed: 4666677205021341767

30 karrick the Skirmisher (level 3, 29/29 HPs)
             Began as a Demonspawn Fighter on Nov 27, 2020.
             Quit the game on level 1 of the Dungeon.
             The game lasted 00:01:02 (844 turns).

karrick the Skirmisher (Demonspawn Fighter)          Turns: 844, Time: 00:01:03

Health: 29/29      AC:  7    Str: 16    XL:     3   Next: 3%
Magic:  3/3        EV:  7    Int: 10    God:
Gold:   83         SH:  8    Dex: 12    Spells: 2/2 levels left

rFire    . . .     SeeInvis .   a - +0 war axe
rCold    . . .     Faith    .   c - +0 kite shield
rNeg     . . .     Spirit   .   b - +0 scale mail
rPois    .         Reflect  .   (no helmet)
rElec    .         Harm     .   (no cloak)
rCorr    .         Rampage  .   f - +0 pair of gloves
MR       .....                  (no boots)
Stlth    ..........             (no amulet)
HPRegen  0.09/turn              (no ring)
MPRegen  0.08/turn              (no ring)

@: no status effects
A: hooves 1, sturdy frame 1
a: no special abilities


You were on level 1 of the Dungeon.
You visited 1 branch of the dungeon, and saw 1 of its levels.

You collected 83 gold pieces.

Inventory:

Hand Weapons
 a - a +0 war axe (weapon)
Armour
 b - a +0 scale mail (worn)
 c - a +0 kite shield (worn)
 f - a +0 pair of gloves (worn)
Jewellery
 h - an uncursed ring of see invisible {unknown}
Scrolls
 e - 2 scrolls of fog {unknown}
 g - 2 scrolls of identify {unknown}
 i - a scroll of magic mapping {unknown}
Potions
 d - a potion of might
 j - a potion of curing {unknown}
 k - 2 potions of ambrosia {unknown}


   Skills:
 + Level 3.2 Fighting
 + Level 2.2 Axes
 + Level 3.0 Armour
 + Level 0.1 Dodging
 + Level 3.0 Shields


You had 2 spell levels left.
You didn't know any spells.
Your spell library was empty.

Dungeon Overview and Level Annotations

Branches:
Dungeon (1/15)

Altars:


Innate Abilities, Weirdness & Mutations

You have large cloven feet.
Your movements are slightly less encumbered by armour. (ER -2)


Message History

The slug dart hits you but does no damage.
You completely miss the dart slug. The dart slug launches a dart at you.
The slug dart hits you!
You hit the dart slug but do no damage. The dart slug barely misses you.
You slash the dart slug!
The dart slug is almost dead.
The dart slug launches a dart at you. The slug dart hits you.
You hit the dart slug.
You kill the dart slug!
You have reached level 3!
Your experience leads to an increase in your attributes!
Increase (S)trength, (I)ntelligence, or (D)exterity?
You feel clever.
Your demonic ancestry asserts itself...
Your feet thicken and deform.
Done exploring.
Done exploring.
Done exploring.
Are you sure you want to abandon this character and quit the game? (Confirm with "yes".)

#.# #.# #.# #.# ### #.#
##.## ..# ##.#.##
################.###.##
#...............## ##.#
...#############@###.##
...# ##.#.## ...# ##.##
#### #.# ## #.# .# #.#
.# #.# .######### #.#
.........# #.#


There were no monsters in sight!

Vanquished Creatures
  3 dart slugs (D:1)
  A leopard gecko (D:1)
  4 bats (D:1)
  2 giant cockroaches (D:1)
  2 goblins (D:1)
  2 hobgoblins (D:1)
  2 jackals (D:1)
  A kobold (D:1)
  3 rats (D:1)
20 creatures vanquished.

Notes
Turn   | Place    | Note
-------+----------+-------------------------------------------
     0 | D:1      | karrick the Demonspawn Fighter began the quest for the Orb.
     0 | D:1      | Reached XP level 1. HP: 18/18 MP: 1/1
   113 | D:1      | Gained mutation: Your movements are slightly less
                  | encumbered by armour. (ER -2) [demonic ancestry]
   113 | D:1      | Reached XP level 2. HP: 23/24 MP: 2/2
   722 | D:1      | Gained mutation: You have large cloven feet. [demonic
                  | ancestry]
   722 | D:1      | Reached XP level 3. HP: 19/29 MP: 3/3
   844 | D:1      | Quit the game

Illustrated notes

Levels and vault maps discovered:
D:1:      zaba_arrival_water, layout_loops_ring

Skill      XL: |  1  2 |
---------------+-------+-----
Armour         | 3 |  3.0
Axes           | 2 |  2.2
Shields        | 3 |  3.0
Fighting       | |  3.2
Dodging        | |  0.1

Action                   || total
-------------------------++-------
Melee: War axe           ||    82
Armor: Scale mail        ||    43
Dodge: Dodged            ||    36
Block: Kite shield       ||    61

Table legend: (Time is in decaauts)
 A = Elapsed time spent in this place.
 B = Non-inter-level travel time spent in this place.
 C = Inter-level travel time spent in this place.
 D = Time resting spent in this place.
 E = Time spent auto-exploring this place.
 F = Levels seen in this place.
 G = Mean time per level.
                   A        B        C        D        E       F      G
               +--------+--------+--------+--------+--------+-----+--------+
         Total |    890 |    890 |      0 |      0 |    695 |   1 |  890.0 |
       Dungeon |    890 |    890 |      0 |      0 |    695 |   1 |  890.0 |
               +--------+--------+--------+--------+--------+-----+--------+

Top non-repeatable levels by time:
     D:1: 890 daAuts
